 Dungeon Crawl Stone Soup version 0.26-a0-602-gd42a14c23b (webtiles) character file.

Game seed: 4592310086623861699

4 ANON1729 the Sneak (level 1, -3/11 HPs)
             Began as a Spriggan Delver on Aug 31, 2020.
             Slain by a phantom (6 damage)
             ... on level 6 of the Dungeon.
             The game lasted 00:00:16 (358 turns).

ANON1729 the Sneak (Spriggan Delver)                 Turns: 358, Time: 00:00:17

Health: -3/11      AC:  2    Str:  8    XL:     1   Next: 50%
Magic:  2/2        EV: 18    Int: 11    God:
Gold:   15         SH:  0    Dex: 17    Spells: 0/0 levels left

rFire    . . .     SeeInvis +   a - +0 short sword
rCold    . . .     Faith    +   (shield restricted)
rNeg     . . .     Spirit   .   b - +0 robe
rPois    .         Reflect  .   (helmet restricted)
rElec    .         Harm     .   (no cloak)
rCorr    .                      (gloves unavailable)
MR       .....                  (boots unavailable)
Stlth    ++++......             h - amulet of faith
HPRegen  0.03/turn              (no ring)
MPRegen  0.08/turn              (no ring)

@: very quick
A: very small, unfitting armour, see invisible, speed 3
a: no special abilities


You were on level 6 of the Dungeon.
You visited 1 branch of the dungeon, and saw 2 of its levels.

You collected 15 gold pieces.

Inventory:

Hand Weapons
 a - a +0 short sword (weapon)
Armour
 b - a +0 robe (worn)
Jewellery
 h - an amulet of faith (around neck)
Wands
 g - a wand of digging (3)
Scrolls
 c - a scroll of fog
 d - a scroll of magic mapping
 e - a scroll of fear
 i - a scroll of identify {unknown}
Potions
 f - a potion of haste


   Skills:
 + Level 2.4 Fighting
 + Level 2.3 Short Blades
 + Level 3.1 Dodging
 + Level 7.3 Stealth


You couldn't memorise any spells.
You didn't know any spells.
Your spell library was empty.

Dungeon Overview and Level Annotations

Branches:
Dungeon (6/15)
 Temple: D:4-7

Altars:


Innate Abilities, Weirdness & Mutations

You are very small and have problems with some larger weapons.
You are too small for most types of armour.
You have supernaturally acute eyesight. (SInv)
You cover ground extremely quickly.


Message History

You are too injured to fight recklessly!
You are too injured to fight recklessly!
You are too injured to fight recklessly!
You are too injured to fight recklessly!
You are too injured to fight recklessly!
You are too injured to fight recklessly!
You are too injured to fight recklessly!
You are too injured to fight recklessly!
You are too injured to fight recklessly!
You are too injured to fight recklessly!
You are too injured to fight recklessly!
You are too injured to fight recklessly!
You are too injured to fight recklessly!
You are too injured to fight recklessly!
You are too injured to fight recklessly!
You hit the phantom.
The phantom is lightly damaged.
The phantom hits you.
Ouch! That really hurt!
You die...

#.# #.##..##. .#..#
########.##..# . .#..##
......##.##..# . ......
............. .##.#####
.......#.##.# ##...#....
......(.....# #....#....
............# #..†.#.M#
......###...###.@.$#Z.#
.....(###.......YW.#..#
##.................#....
#.#.#####.#####.≈.#.)##
#.#.# #.# ....#..# ..#.#
#.# #.#.#..# .#.#.# #.#
#.#.#.... . >.# #.#
....#.... .. #.# ##


You could see a phantom, a sky beast, a mummy and a bullfrog zombie.

Vanquished Creatures
  2 leopard geckos (D:6)
2 creatures vanquished.

Vanquished Creatures (others)
  2 withered plants (D:5)
2 creatures vanquished.

Grand Total: 4 creatures vanquished

Notes
Turn   | Place    | Note
-------+----------+-------------------------------------------
     0 | D:5      | ANON1729 the Spriggan Delver began the quest for the Orb.
     0 | D:5      | Reached XP level 1. HP: 11/11 MP: 2/2
   347 | D:6      | Noticed a sky beast
   349 | D:6      | Noticed a phantom
   358 | D:6      | Slain by a phantom

Illustrated notes

Levels and vault maps discovered:
D:5:      layout_rooms, serial_shops, kennysheep_mini_moat, serial_undead,
          serial_undead_f, serial_undead_f, serial_undead_f, serial_undead_a,
          gup_sewer_entry_glass, amethyst_killhole, uniq_prince_ribbit1
D:6:      gammafunk_wand_slinger, layout_loops_ring, gammafunk_ghost_mausoleum

Action                   || total
-------------------------++-------
Melee: Short sword       ||    16
 Stab: Sleeping          ||     1
Armor: Robe              ||     1
Dodge: Dodged            ||    12

Table legend: (Time is in decaauts)
 A = Elapsed time spent in this place.
 B = Non-inter-level travel time spent in this place.
 C = Inter-level travel time spent in this place.
 D = Time resting spent in this place.
 E = Time spent auto-exploring this place.
 F = Levels seen in this place.
 G = Mean time per level.
                   A        B        C        D        E       F      G
               +--------+--------+--------+--------+--------+-----+--------+
         Total |    342 |    339 |      3 |    294 |     10 |   2 |  171.0 |
       Dungeon |    342 |    339 |      3 |    294 |     10 |   2 |  171.0 |
               +--------+--------+--------+--------+--------+-----+--------+

Top non-repeatable levels by time:
     D:6: 287 daAuts
     D:5: 54 daAuts
